 Dungeon Crawl Stone Soup version 0.32-a0-913-g739538afd8 (webtiles) character file.

Game seed: 2398664056434206438

119092 Lanoc the Marksgoblin (level 16, -9/124 HPs)
             Began as a Coglin Artificer on Apr 7, 2024.
             Was a Follower of Uskayaw.
             Mangled by a bone dragon (10 damage)
             ... on level 2 of the Abyss.
             The game lasted 00:50:49 (27298 turns).

Lanoc the Marksgoblin (Coglin Artificer)           Turns: 27298, Time: 00:50:50

Health: -9/124     AC: 16    Str: 12    XL:     16   Next: 78%
Magic:  21/21      EV: 18    Int: 11    God:    Uskayaw [*.....]
Gold:   3213       SH:  0    Dex: 23    Spells: 15/15 levels left

rFire   + + +        i - +8 hand cannon of a Gauntlet {drain, Fly rF++}
rCold   . . .        p - +0 sling {Kai}
rNeg    . . .        q - +3 leather armour {rF+}
rPois   +            D - +2 hat
rElec   +            k - +0 cloak
rCorr   +            W - +2 pair of gloves
SInv    .            w - +1 pair of boots {Fly}
Will    +....        (amulet unavailable)
Stlth   ++           (ring unavailable)
HPRegen 0.40/turn    (ring unavailable)
MPRegen 0.17/turn    V - ablative generator {rElec rPois rCorr Clar RMsl}

%: repel missiles, clarity
@: about to teleport, flying, studying Air Magic
A: off-hand wielding, slow wielding, warmup strikes, no jewellery
a: Renounce Religion, Stomp


You were on level 2 of the Abyss.
You worshipped Uskayaw.
Uskayaw was noncommittal.
You visited 3 branches of the dungeon, and saw 22 of its levels.
You visited the Abyss 1 time.
You also visited: Bailey.

You collected 4276 gold pieces.
You spent 1063 gold pieces at shops.

Inventory:

Hand Weapons
 i - the +8 hand cannon of a Gauntlet (weapon) {drain, Fly rF++}
   (You acquired it on level 10 of the Dungeon)

   rF++:      It greatly protects you from fire.
   Fly:       It grants you flight.
 p - a +0 sling (offhand) {Kai}
 M - the +7 lajatang of Order {silver, rMut}
   (You found it on level 2 of the Orcish Mines)

   rMut:      It protects you from mutation.
Missiles
 y - 3 curare-tipped darts
Armour
 k - a +0 cloak (worn)
 q - a +3 leather armour of fire resistance (worn)
 w - a +1 pair of boots of flying (worn)
 D - a +2 hat (worn)
 I - the +0 cloak "Kydimi" {rF- rN+ rCorr Dex+3}
   (You bought it in a shop on level 9 of the Dungeon)

   Dex+3:     It affects your dexterity (+3).
   rF-:       It makes you vulnerable to fire.
   rN+:       It protects you from negative energy.
   rCorr:     It protects you from acid and corrosion.
 K - a +7 plate armour of ponderousness
 W - a +2 pair of gloves (worn)
Gizmo
 V - an ablative generator (installed) {rElec rPois rCorr Clar RMsl}
   (You invented it yourself on level 4 of the Lair of Beasts)

   [ablative generator]

   rElec:     It insulates you from electricity.
   rPois:     It protects you from poison.
   Clar:      It protects you from confusion, rage, mesmerisation and fear.
   RMsl:      It protects you from missiles.
   rCorr:     It protects you from acid and corrosion.
Wands
 a - a wand of acid (16)
 b - a wand of polymorph (7)
 c - a wand of flame (48)
 d - a wand of charming (11)
 e - a wand of iceblast (1)
 f - a wand of roots (18)
 v - a wand of digging (7)
 B - a wand of mindburst (12)
 H - a wand of paralysis (20)
Scrolls
 g - 6 scrolls of teleportation
 h - 2 scrolls of fog
 l - 3 scrolls of amnesia
 m - a scroll of revelation
 C - a scroll of enchant armour
 E - 3 scrolls of fear
 F - a scroll of enchant weapon
 L - 3 scrolls of poison
 O - 2 scrolls of noise
 P - 2 scrolls of immolation
 Q - a scroll of silence
 U - a scroll of vulnerability
 Y - 2 scrolls of brand weapon
Potions
 j - 7 potions of attraction
 n - 9 potions of mutation
 o - 8 potions of enlightenment
 r - a potion of resistance
 s - a potion of berserk rage
 t - 2 potions of might
 x - 2 potions of brilliance
 z - 14 potions of curing
 G - 2 potions of ambrosia
 J - 2 potions of lignification
 N - a potion of invisibility
 R - 2 potions of haste
 S - a potion of magic
 X - a potion of cancellation
Miscellaneous
 A - a phial of floods
 T - a phantom mirror


   Skills:
 + Level 10.7 Fighting
 - Level 20.0 Ranged Weapons
 + Level 9.8 Armour
 + Level 9.7 Dodging
 - Level 0.7 Stealth
 + Level 7.3 Invocations
 - Level 5.0 Evocations


You had 15 spell levels left.
You didn't know any spells.
Your spell library contained the following spells:

 Spells                   Type           Power      Damage    Failure   Level
 Apportation              Tloc           0%         N/A       41%         1
 Foxfire                  Conj/Fire      0%         2x1d4     41%         1
 Kiss of Death            Conj/Necr      0%         2d5       41%         1
 Magic Dart               Conj           0%         1d3       41%         1
 Necrotise                Necr           0%         1d4       41%         1
 Blink                    Tloc           0%         N/A       54%         2
 Call Imp                 Summ           0%         N/A       54%         2
 Jinxbite                 Hex            0%         N/A       54%         2
 Static Discharge         Conj/Air       0%         3-3/arc   54%         2
 Sublimation of Blood     Necr           0%         N/A       54%         2
 Confusing Touch          Hex            0%         N/A       78%         3
 Tukima's Dance           Hex            0%         N/A       78%         3
 Vampiric Draining        Necr           0%         2d6       78%         3
 Airstrike                Air            0%         2d(0-16)  99%         4
 Brom's Barrelling Bould  Conj/Erth      0%         2d3       99%         4
 Dimensional Bullseye     Hex/Tloc       0%         N/A       99%         4
 Dispel Undead            Necr           0%         3d6       99%         4
 Iskenderun's Mystic Bla Conj/Tloc 0%             2d3        (+2d1     99%         4
 Martyr's Knell           Necr/Summ      0%         N/A       99%         4
 Passage of Golubria      Tloc           0%         N/A       99%         4
 Summon Lightning Spire   Summ/Air       0%         N/A       99%         4
 Alistair's Intoxication  Alch           0%         N/A       100%        5
 Curse of Agony           Necr           0%         N/A       100%        5
 Fireball                 Conj/Fire      0%         3d3       100%        5
 Iskenderun's Battlesphe  Conj           0%         2d6       100%        5
 Summon Forest            Summ/Tloc      0%         N/A       100%        5
 Yara's Violent Unravell  Hex/Alch       0%         3d3       100%        5
 Conjure Ball Lightning   Conj/Air       0%         3x3d6     100%        6
 Eringya's Noxious Bog    Alch           0%         4d6       100%        6
 Plasma Beam              Fire/Air       0%         2x1d10    100%        6
 Starburst                Conj/Fire      0%         6d3       100%        6
 Orb of Destruction       Conj           0%         9d5       100%        7
 Summon Hydra             Summ           0%         N/A       100%        7


Dungeon Overview and Level Annotations

Branches:
Dungeon (15/15)            Temple (0/1) D:4            Lair (5/5) D:10
 Shoals (0/4) Lair:3        Snake (0/4) Lair:3        Slime (0/5) Lair:5
    Orc (2/2) D:12            Elf (0/3) Orc:2        Vaults (0/5) D:14
 Depths (0/4) D:15         Bailey (visited)

Altars:
Elyvilon
Hepliaklqana
Uskayaw
Wu Jian
Xom
The Shining One
Beogh
Jiyva
Lugonu

Shops:
D:4 !   D:8 *   D:9 [   Orc:1 !   Orc:2 ?*=[

Portals:
Abyss: D:10
Trove: D:12 (give 5 scrolls of fear)

Annotations:
D:4 3 runed translucent doors, ParallaxScroll's ghost, amateur MDFi


Innate Abilities, Weirdness & Mutations

You can wield a second weapon in your off-hand.
It takes a long time for you to wield or remove held weapons.
Your first few attacks do less damage.
You cannot equip rings or amulets.


Message History

The bone dragon barely misses you. The bone dragon closely misses you.
You feel much better.
The bone dragon bites you but does no damage.
The bone dragon closely misses you. The bone dragon barely misses you.
A sixfirhy comes into view.
The sixfirhy hits you. The sixfirhy shocks you. You resist.
* * * LOW HITPOINT WARNING * * *
The sixfirhy closely misses you. The sixfirhy hits you.
* * * LOW HITPOINT WARNING * * *
The sixfirhy shocks you. You resist.
* * * LOW HITPOINT WARNING * * *
The sixfirhy hits you but does no damage.
The bone dragon attacks as it pursues you!
The bone dragon bites you!
* * * LOW HITPOINT WARNING * * *
The bone dragon claws you.
* * * LOW HITPOINT WARNING * * *
The bone dragon misses you. The sixfirhy hits you.
* * * LOW HITPOINT WARNING * * *
The sixfirhy shocks you. You resist.
* * * LOW HITPOINT WARNING * * *
The sixfirhy hits you!
* * * LOW HITPOINT WARNING * * *
The sixfirhy shocks you. You resist.
* * * LOW HITPOINT WARNING * * *
The sixfirhy hits you but does no damage.
You feel much better.
The sixfirhy hits you but does no damage.
The sixfirhy hits you.
* * * LOW HITPOINT WARNING * * *
The sixfirhy shocks you. You resist.
* * * LOW HITPOINT WARNING * * *
The sixfirhy hits you but does no damage.
The bone dragon bites you!!
* * * LOW HITPOINT WARNING * * *
The bone dragon claws you!
You die...
Your body falls in perfect tune with the rhythm.

. ..
#....#.# ..
#. ## #...#
##...#
#.#.##
#.#..#
#...##
##X..#
#D3..#
##@§§#~≈~~
#§##§~≈~≈~
§#~§§§~~≈~~
§~##§~~~~~
.##≈ #~ ~~§
.~#~ .~~ #.


You could see a bone dragon, a large abomination and a sixfirhy.

Vanquished Creatures
  Gastronok (D:8)
  A storm dragon (D:15)
  A fire giant (D:15)
  A frost giant (D:15)
  4 orc warlords
  The ghost of Konar the Fetichist, a journeyman CoHu of Okawaru (Lair:2)
  The ghost of Pewn the Severer, a journeyman HOBe of Trog (Lair:2)
  A fire dragon (Lair:5)
  Fannar (D:10)
  6 hydras
  2 ogre magi
  4 catoblepae
  8 two-headed ogres
  5 boulder beetles
  10 centaur warriors
  7 tengu warriors
  An occultist (D:15)
  2 death yaks (Lair:1)
  5 orc high priests (Orc:2)
  A hell hog (Abyss:2)
  Urug (D:12)
  5 skeletal warriors (D:13)
  A skyshark (Lair:4)
  A large abomination (Abyss:2)
  A lindwurm (Lair:5)
  An obsidian statue (D:10)
  An orange crystal statue (D:10)
  3 deep elf pyromancers (D:15)
  4 obsidian bats (Orc:2)
  9 orc knights
  7 orc sorcerers (Orc:2)
  A deep elf zephyrmancer (D:15)
  17 ugly things
  7 manticores
  3 wolf spiders
  3 elephants (Lair:3)
  9 cyclopes
  4 black mambas
  A black mamba (shapeshifter) (D:15)
  A meliai (D:15)
  8 kobold blastminers
  A guardian serpent (shapeshifter) (D:14)
  A smoke demon (Abyss:2)
  A gargoyle (D:10)
  2 molten gargoyles (Lair:5)
  5 cane toads
  2 torpor snails
  3 rime drakes
  3 kobold demonologists (D:11)
  An unseen horror (shapeshifter) (D:15)
  6 efreet
  12 komodo dragons
  2 tengu conjurers (D:14)
  Maggie (D:8)
  6 yaktaurs (D:15)
  7 trolls
  A raiju (shapeshifter) (D:14)
  18 blink frogs
  2 dream sheep (Lair:5)
  A centaur simulacrum (D:15)
  2 water elementals (D:13)
  A yak (shapeshifter) (D:14)
  6 slime creatures (D:15)
  A wraith (D:12)
  45 yaks
  7 wyverns
  10 basilisks
  8 vampire mosquitoes
  5 wargs
  A redback (D:15)
  5 steam dragons
  2 nagas (Lair:3)
  3 acid dragons
  A small abomination (Abyss:2)
  14 water moccasins
  4 hell hounds (Lair:5)
  A black bear (D:5)
  2 ice beasts
  40 orc warriors
  3 laughing skulls
  9 wolves
  9 centaurs
  16 ogres
  A boggart (D:15)
  16 bullfrogs
  4 kobold brigands
  5 gnoll sergeants
  7 scorpions
  5 wights (D:8)
  3 electric eels (D:13)
  3 howler monkeys (D:7)
  5 bombardier beetles
  5 lava snakes (Lair:5)
  4 hounds
  3 jellies
  30 orc priests
  14 orc wizards
  20 gnolls
  12 adders
  2 white imps
  4 ufetubi
  5 dart slugs
  2 ribbon worms
  A ribbon worm (shapeshifter) (D:15)
  95 orcs
  8 endoplasms
  3 giant cockroaches
  18 goblins
  14 hobgoblins
  A jackal (D:3)
  39 kobolds
  2 quokkas
  10 ball pythons
  4 bats
  5 frilled lizards
  5 rats
  A spectral orc (D:8)
  A lurking horror (D:10)
778 creatures vanquished.

Vanquished Creatures (collateral kills)
  2 orc warriors (Bailey)
  An iguana (D:5)
  A gnoll (Bailey)
  An orc (Bailey)
  A kobold (Bailey)
6 creatures vanquished.

Vanquished Creatures (others)
  An ugly thing (D:14)
  A cyclops (D:15)
  An orc (Orc:2)
3 creatures vanquished.

Grand Total: 787 creatures vanquished

Notes
Turn   | Place    | Note
-------+----------+-------------------------------------------
     0 | D:1      | Lanoc the Coglin Artificer began the quest for the Orb.
     0 | D:1      | Reached XP level 1. HP: 15/15 MP: 1/1
    21 | D:1      | Reached skill level 1 in Dodging
    36 | D:1      | Reached XP level 2. HP: 8/21 MP: 2/2
   342 | D:1      | Reached XP level 3. HP: 26/26 MP: 3/3
   832 | D:2      | Found a shimmering altar of Xom.
  1041 | D:2      | Found a faded altar of an unknown god.
  1087 | D:2      | Reached skill level 5 in Evocations
  1088 | D:2      | Prayed at the altar of an unknown god.
  1088 | D:2      | Became a worshipper of Uskayaw the Reveller
  1088 | D:2      | Reached * piety under Uskayaw
  1182 | D:2      | Reached ** piety under Uskayaw
  1183 | D:2      | Reached XP level 4. HP: 33/33 MP: 4/4
  1185 | D:2      | Reached *** piety under Uskayaw
  1187 | D:2      | Reached **** piety under Uskayaw
  1191 | D:2      | Reached ***** piety under Uskayaw
  1870 | D:3      | Reached XP level 5. HP: 39/39 MP: 5/5
  2639 | D:4      | Found Yrghauko's Distillery.
  2717 | D:4      | Bought a potion of curing for 33 gold pieces
  2717 | D:4      | Bought a potion of heal wounds for 55 gold pieces
  2717 | D:4      | Bought a potion of curing for 33 gold pieces
  2736 | D:4      | Reached XP level 6. HP: 14/47 MP: 6/6
  2872 | D:4      | Found a staircase to the Ecumenical Temple.
  3805 | D:4      | Found a runed translucent gate.
  3805 | D:4      | Found a runed translucent gate.
  3805 | D:4      | Found a runed translucent gate.
  3806 | D:4      | Noticed ParallaxScroll's ghost (amateur MDFi)
  4069 | D:5      | Entered Level 5 of the Dungeon
  4256 | D:5      | Reached XP level 7. HP: 17/54 MP: 7/7
  4991 | D:5      | Reached XP level 8. HP: 10/61 MP: 8/8
  5326 | D:5      | Reached skill level 5 in Fighting
  5790 | D:6      | Reached skill level 5 in Armour
  6119 | D:6      | Reached skill level 5 in Dodging
  7320 | D:7      | Reached XP level 9. HP: 23/70 MP: 9/9
  8000 | D:7      | Identified the +0 chain mail of Muim {rCorr Dex+4}
  8233 | D:8      | Noticed Maggie
  8238 | D:8      | Killed Maggie
  8539 | D:8      | Found a hazy altar of Hepliaklqana.
  8572 | D:8      | Reached skill level 1 in Invocations
  9000 | D:8      | Found Wyot Qia's Serpentskin Sales.
  9005 | D:8      | Reached XP level 10. HP: 59/80 MP: 11/11
  9271 | D:8      | Noticed Gastronok
  9300 | D:8      | Killed Gastronok
  9994 | D:9      | Found Kolops's Antique Armour Emporium.
 10082 | D:9      | Bought a scorched cloak for 228 gold pieces
 10082 | D:9      | Identified the +0 cloak "Kydimi" {rF- rN+ rCorr Dex+3} (You
                  | bought it in a shop on level 9 of the Dungeon)
 10643 | D:10     | Entered Level 10 of the Dungeon
 10654 | D:10     | Identified a scroll of acquirement
 10654 | D:10     | Acquired the +8 hand cannon of a Gauntlet {drain, Fly rF++}
 10787 | D:10     | Found a one-way gate to the infinite horrors of the Abyss.
 10808 | D:10     | Noticed a manticore
 10814 | D:10     | Killed a manticore
 10815 | D:10     | Reached skill level 2 in Ranged Weapons
 10883 | D:10     | Found a corrupted altar of Lugonu.
 10906 | D:10     | Found a flagged portal.
 10906 | D:10     | Noticed a gargoyle
 10912 | D:10     | Killed a gargoyle
 10913 | D:10     | Reached skill level 3 in Ranged Weapons
 11024 | Bailey   | Entered a bailey
 11079 | Bailey   | Reached skill level 4 in Ranged Weapons
 11189 | Bailey   | Noticed an orc knight
 11209 | Bailey   | Reached XP level 11. HP: 53/86 MP: 14/14
 11270 | Bailey   | Reached skill level 5 in Ranged Weapons
 11315 | Bailey   | Killed an orc knight
 11534 | D:10     | Found a staircase to the Lair.
 11536 | D:10     | Reached skill level 6 in Ranged Weapons
 11543 | D:10     | Reached ****** piety under Uskayaw
 11548 | D:10     | Reached skill level 7 in Ranged Weapons
 11598 | D:10     | Noticed a centaur warrior
 11603 | D:10     | Killed a centaur warrior
 11889 | D:10     | Noticed an orange crystal statue
 11915 | D:10     | Noticed a cyclops
 11916 | D:10     | Noticed a two-headed ogre
 12132 | D:10     | Found a glowing golden altar of the Shining One.
 12219 | D:10     | Noticed an obsidian statue
 12526 | D:11     | Reached skill level 8 in Ranged Weapons
 12613 | D:11     | Noticed a manticore
 12619 | D:11     | Killed a manticore
 12673 | D:11     | Noticed a sixfirhy
 12797 | D:11     | Noticed a manticore
 12801 | D:11     | Killed a manticore
 12802 | D:11     | Reached skill level 9 in Ranged Weapons
 12947 | D:11     | Noticed a boulder beetle
 12952 | D:11     | Killed a boulder beetle
 13395 | D:12     | Noticed Urug
 13399 | D:12     | Killed Urug
 13400 | D:12     | Reached skill level 10 in Ranged Weapons
 13489 | D:12     | Found a portal to a secret trove of treasure.
 13560 | D:12     | Found a staircase to the Orcish Mines.
 13570 | D:12     | Reached XP level 12. HP: 88/93 MP: 15/15
 13845 | D:12     | Reached skill level 11 in Ranged Weapons
 14154 | D:13     | Noticed a centaur warrior
 14159 | D:13     | Killed a centaur warrior
 14623 | D:13     | Noticed a centaur warrior
 14627 | D:13     | Killed a centaur warrior
 14748 | D:13     | Reached skill level 12 in Ranged Weapons
 14824 | D:14     | Noticed a centaur warrior
 14911 | Lair:1   | Entered Level 1 of the Lair of Beasts
 14912 | Lair:1   | Noticed Fannar
 15024 | Orc:1    | Entered Level 1 of the Orcish Mines
 15062 | Orc:1    | Found Meam Xetixzo's Distillery.
 15590 | Orc:1    | Bought a potion of lignification for 48 gold pieces
 15590 | Orc:1    | Bought a potion of curing for 48 gold pieces
 15590 | Orc:1    | Bought a potion of curing for 48 gold pieces
 15590 | Orc:1    | Bought a potion of curing for 48 gold pieces
 15590 | Orc:1    | Bought a potion of heal wounds for 80 gold pieces
 15590 | Orc:1    | Bought a potion of mutation for 128 gold pieces
 15728 | Orc:2    | Entered Level 2 of the Orcish Mines
 16045 | Orc:2    | Reached skill level 13 in Ranged Weapons
 16115 | Orc:2    | Noticed a two-headed ogre
 16120 | Orc:2    | Killed a two-headed ogre
 16375 | Orc:2    | Noticed an orc high priest
 16399 | Orc:2    | Killed an orc high priest
 16400 | Orc:2    | Reached XP level 13. HP: 98/98 MP: 16/16
 16420 | Orc:2    | Found Pongal's Jewellery Shop.
 16431 | Orc:2    | Found Ihuwoem's Armour Boutique.
 16434 | Orc:2    | Reached skill level 14 in Ranged Weapons
 16554 | Orc:2    | Found a roughly hewn altar of Beogh.
 16554 | Orc:2    | Noticed an orc warlord
 16597 | Orc:2    | Killed an orc warlord
 16803 | Orc:2    | Paralysed by an orc sorcerer for 2 turns
 16825 | Orc:2    | Reached skill level 15 in Ranged Weapons
 16999 | Orc:2    | Noticed an orc warlord
 17022 | Orc:2    | Killed an orc warlord
 17249 | Orc:2    | Identified the +9 bardiche "Ucuximmo" {flame, *Slow rCorr
                  | Dex+5 Stlth+}
 17412 | Orc:2    | Found a staircase to the Elven Halls.
 17448 | Orc:2    | Found the +7 lajatang of Order {silver, rMut}
 17632 | Orc:2    | Reached skill level 16 in Ranged Weapons
 17698 | Orc:2    | Noticed an orc warlord
 17741 | Orc:2    | Killed an orc warlord
 17892 | Orc:2    | Found a roughly hewn altar of Beogh.
 17914 | Orc:2    | Reached XP level 14. HP: 95/105 MP: 17/17
 17973 | Orc:2    | Found Kywnoeg's General Store.
 17982 | Orc:2    | Bought a potion of invisibility for 104 gold pieces
 18007 | Orc:2    | Found Livemere's Magic Scroll Emporium.
 18018 | Orc:2    | Bought a scroll of noise for 15 gold pieces
 18018 | Orc:2    | Bought 3 scrolls of teleportation for 135 gold pieces
 18018 | Orc:2    | Bought a scroll of immolation for 60 gold pieces
 18337 | D:10     | Killed Fannar
 18599 | Lair:1   | Reached skill level 17 in Ranged Weapons
 19712 | Lair:2   | Found a runed translucent gate.
 19713 | Lair:2   | Found a runed translucent gate.
 19714 | Lair:2   | Found a runed translucent gate.
 19720 | Lair:2   | Noticed Pewn's ghost (journeyman HOBe)
 19720 | Lair:2   | Noticed Konar's ghost (journeyman CoHu)
 20342 | Lair:2   | Killed Konar's ghost
 20343 | Lair:2   | Reached skill level 18 in Ranged Weapons
 20357 | Lair:2   | HP: 2/105 [Pewn's ghost (13)]
 20362 | Lair:2   | Killed Pewn's ghost
 20676 | Lair:3   | Found a staircase to the Shoals.
 20817 | Lair:3   | Found a staircase to the Snake Pit.
 21997 | Lair:4   | Acquired an ablative generator {rElec rPois rCorr Clar
                  | RMsl}
 22638 | Lair:4   | Acquired 866 gold pieces
 22659 | Lair:5   | Entered Level 5 of the Lair of Beasts
 22666 | Lair:5   | Reached skill level 19 in Ranged Weapons
 22873 | Lair:5   | Reached XP level 15. HP: 110/110 MP: 18/18
 23115 | Lair:5   | Found a large runed translucent door.
 23115 | Lair:5   | Found a large runed translucent door.
 23365 | Lair:5   | Found a viscous altar of Jiyva.
 23366 | Lair:5   | Found a staircase to the Slime Pits.
 24184 | D:13     | Reached skill level 20 in Ranged Weapons
 25075 | D:14     | Reached skill level 5 in Invocations
 25379 | D:14     | Found a gate to the Vaults.
 25738 | D:15     | Entered Level 15 of the Dungeon
 25966 | D:15     | Found a hazy altar of Hepliaklqana.
 25967 | D:15     | Found an ornate altar of the Wu Jian Council.
 26064 | D:15     | Reached XP level 16. HP: 120/120 MP: 20/20
 26130 | D:15     | Found a staircase to the Depths.
 26207 | D:15     | Found a white marble altar of Elyvilon.
 26424 | D:15     | Noticed a storm dragon
 26434 | D:15     | Killed a storm dragon
 26564 | D:15     | Reached skill level 10 in Fighting
 27177 | D:15     | Identified the blade talisman "Loproack" {rF- Dex+5 SInv}
 27181 | Abyss:2  | Found a corrupted altar of Lugonu.
 27181 | Abyss:2  | Cast into level 2 of the Abyss (an occultist)
 27274 | Abyss:2  | Noticed a bone dragon
 27284 | Abyss:2  | HP: 2/124 [bone dragon (12)]
 27297 | Abyss:2  | HP: 4/124 [sixfirhy (7)]
 27297 | Abyss:2  | HP: 1/124 [sixfirhy (3)]
 27298 | Abyss:2  | Mangled by a bone dragon

Illustrated notes

Levels and vault maps discovered:
D:1:      dpeg_arrival_line_fractal, layout_rooms, serial_bayou_crossing
D:2:      layout_loops_ring, ebering_ecumenical_altar_abandoned, basic_altar
D:3:      minmay_diamond_boxcup, layout_basic
D:4:      layout_basic, temple_pool_b, serial_shops, shop,
          ebering_ghost_rock_garden
D:5:      layout_loops_ring, serial_co_window_serial,
          co_window_of_opportunity_a, co_window_paths_a, co_window_cross_1,
          co_window_paths_b, co_window_corner_a, co_window_paths_a,
          co_window_corner_a, co_window_broadway_a, co_window_2corner,
          co_window_unsneaky_path_d, co_window_of_opportunity_b,
          co_window_4corner_b, glass_columns_c, glass_columns_c,
          glass_columns_c, glass_columns_a, kennysheep_doodads
D:6:      layout_basic
D:7:      layout_gridville
D:8:      layout_loops_ring, nicolae_hepliaklqana_monster_ancestors,
          guppyfry_shop_venom, uniq_gastronok, uniq_maggie
D:9:      layout_gridville, serial_shops, nicolae_shop_hallway_plus
D:10:     minmay_separated_statues, layout_loops_corners, tso_oasis_becter,
          minmay_lair_entry_grove, enter_bailey_5, small_chamber_with_monster,
          amcnicky_altar_lugonu_corruption
D:11:     layout_long_grid
D:12:     layout_loops_ring, kennysheep_orc_monster_closet_entryway,
          nicolae_trove_entry_columns, uniq_urug
D:13:     layout_basic
D:14:     layout_loops_ring, david_vaults_2, hangedman_decor_opposing,
          kennysheep_cluttered_room
D:15:     hangedman_slaughterboxes
Lair:1:   layout_cellular_growth, uniq_fannar
Lair:2:   layout_cave_pods, gammafunk_ghost_cemetery, serial_bayou_shore_b,
          grunt_megastairs_4
Lair:3:   layout_cave_pods, minmay_shoals_entry_centaurs,
          guppyfry_snake_entry_garden, minivault_11, lemuel_fruit_tree
Lair:4:   layout_layer_cave, dreamdust_mushroom_princess, serial_bayou_shore_a
Lair:5:   cheibrodos_lair_end_hotspot, layout_regular_city, slime_entry_2,
          serial_rivers, chequers_serial_rivers_small_a,
          chequers_serial_rivers_micro_b, chequers_serial_rivers_small_b,
          chequers_serial_rivers_small_a, chequers_serial_rivers_room_b
Orc:1:    layout_diamond_mine, serial_shops, nicolae_shop_hallway_stairs
Orc:2:    pubby_orc_utopia
Abyss:2:  base: Lair:1, due_exit_kobolds, lemuel_firewalk_3

Skill      XL: |  1  2  3  4  5  6  7  8  9 10 11 12 13 14 15 16 |
---------------+-------------------------------------------------+-----
Dodging        | 1 2 3 4 5 6 7 8 9 |  9.7
Armour         | 2 3 4 5 7 8 9 |  9.8
Evocations     | 5 |  5.0
Fighting       | 2 3 4 6 7 8 9 10 | 10.7
Invocations    | 2 4 5 7 |  7.3
Ranged Weapons | 4 10 13 16 19 20 | 20.0
Stealth        | |  0.7

Action                     |  1- 3 |  4- 6 |  7- 9 | 10-12 | 13-15 | 16-18 || total
---------------------------+-------+-------+-------+-------+-------+-------++-------
  Melee: Dagger            |   100 |   334 |   288 |   134 |       |       ||   856
         Club              |    99 |    75 |       |       |       |       ||   174
         Short sword       |       |    26 |   306 |   138 |       |       ||   470
   Fire: Sling             |       |       |       |   398 |   919 |   238 ||  1555
         Hand cannon       |       |       |       |   398 |   919 |   238 ||  1555
 Invoke: Grand Finale      |       |       |       |       |     1 |       ||     1
Ability: Invent Gizmo      |       |       |       |       |     1 |       ||     1
  Evoke: Wand              |     3 |    12 |    17 |    16 |       |       ||    48
         Phial of floods   |       |       |       |       |     1 |       ||     1
    Use: Potion            |       |     3 |     1 |     1 |     4 |     3 ||    12
         Scroll            |       |       |       |    19 |     6 |     2 ||    27
   Stab: Sleeping          |     1 |     6 |     2 |     1 |       |       ||    10
         Paralysed         |       |     4 |    17 |    13 |       |       ||    34
 Armour: Leather armour    |    71 |   174 |   178 |    26 |   152 |    94 ||   695
         Acid dragon scale |       |       |    49 |   173 |       |       ||   222
  Dodge: Dodged            |    52 |   165 |   188 |   270 |   140 |    57 ||   872
         Repelled          |       |       |       |       |    13 |     5 ||    18

Table legend: (Time is in decaauts)
 A = Elapsed time spent in this place.
 B = Non-inter-level travel time spent in this place.
 C = Inter-level travel time spent in this place.
 D = Time resting spent in this place.
 E = Time spent auto-exploring this place.
 F = Levels seen in this place.
 G = Mean time per level.
                   A        B        C        D        E       F      G
               +--------+--------+--------+--------+--------+-----+--------+
         Total |  27372 |  25962 |   1410 |   1372 |  19744 |  24 | 1140.5 |
       Dungeon |  18253 |  17254 |    999 |    563 |  13642 |  15 | 1216.9 |
          Lair |   5391 |   5068 |    323 |    187 |   4260 |   5 | 1078.2 |
  Orcish Mines |   3188 |   3101 |     87 |    524 |   1760 |   2 | 1594.0 |
         Abyss |    113 |    113 |      0 |     11 |      0 |   1 |  113.0 |
        Bailey |    426 |    426 |      0 |     87 |     82 |   1 |  426.0 |
               +--------+--------+--------+--------+--------+-----+--------+

Top non-repeatable levels by time:
   Orc:2: 2184 daAuts
    D:10: 1837 daAuts
     D:5: 1799 daAuts
     D:8: 1492 daAuts
     D:4: 1429 daAuts
    D:13: 1416 daAuts
    D:15: 1411 daAuts
  Lair:2: 1300 daAuts
     D:6: 1191 daAuts
  Lair:4: 1180 daAuts
     D:7: 1177 daAuts
  Lair:5: 1114 daAuts
     D:3: 1061 daAuts
    D:12: 1037 daAuts
     D:9: 1013 daAuts
